Map: Orbital Shipyard

Players

AgCl - Winner!

  • Race: Protoss Protoss

Noname

  • Race: Terran Terran

VOD

Have the link to the VOD?

Description

Time

  • Played on: May 1, 2015, 7:25 p.m.
  • Length: 12:40
Show
View Real Time Build Order
Export as new Build Order

AgCl Protoss - Winner!

Build Orders: Oracle Opening, Oracle Opening 

Get SALT Encoding   

  12  0:03  Probe  
  13  0:15  Probe  
  14  0:33  Pylon  
  14  0:41  Assimilator  
  14  0:51  Probe  
  14  0:53  Gateway  
  15  1:03  Probe (Chrono Boost)  
  16  1:11  Assimilator  
  17  1:12  Probe (Chrono Boost)  
  17  1:20  Probe  
  18  1:29  Pylon  
  18  1:32  Probe (Chrono Boost)  
  19  1:43  Probe (Chrono Boost)  
  19  1:44  Zealot (Chrono Boost)  
  22  1:49  Probe  
  23  1:55  Cybernetics Core  
  23  2:01  Probe (Chrono Boost)  
  24  2:13  Probe (Chrono Boost)  
  25  2:21  Probe (Chrono Boost)  
  26  2:33  Stargate  
  26  2:34  Probe (Chrono Boost), Nexus  
  26  2:36  Warp Gate  
  27  2:46  Mothership Core (Chrono Boost)  
  29  3:00  Probe  
  29  3:02  Robotics Facility  
  30  3:18  Probe  
  29  3:25  Pylon  
  29  3:33  Pylon  
  29  3:40  Forge  
  29  3:43  Oracle (Chrono Boost)  
  29  3:46  Probe (Chrono Boost)  
  34  3:51  Probe (Chrono Boost)  
  34  3:55  Probe (Chrono Boost), Observer  
  36  3:59  Probe (Chrono Boost)  
  37  4:03  Probe  
  38  4:11  Probe (Chrono Boost)  
  38  4:15  Probe (Chrono Boost)  
  38  4:16  Photon Cannon  
  41  4:26  Probe (Chrono Boost)  
  41  4:27  Probe (Chrono Boost)  
  41  4:30  Fleet Beacon  
  42  4:32  Probe (Chrono Boost)  
  42  4:34  Probe  
  42  4:35  Protoss Air Weapons Level 1 (Chrono Boost)  
  42  4:37  Observer  
  45  4:44  Probe  
  46  4:46  Probe  
  47  5:14  Probe (Chrono Boost)  
  48  5:19  Void Ray (Chrono Boost)  
  48  5:20  Probe (Chrono Boost)  
  52  5:30  Immortal (Chrono Boost)  
  44  5:42  Pylon  
  44  5:48  Probe  
  44  5:49  Pylon  
  45  5:54  Carrier (Chrono Boost)  
  40  6:12  Pylon  
  40  6:16  Probe (Chrono Boost)  
  48  6:21  Probe (Chrono Boost)  
  48  6:25  Gateway, Pylon  
  48  6:26  Gateway x2  
  48  6:27  Observer (Chrono Boost)  
  48  6:32  Probe  
  51  6:34  Pylon  
  51  6:35  Nexus  
  51  6:36  Photon Cannon  
  51  6:37  Probe  
  51  6:51  Probe  
  51  6:53  Photon Cannon  
  52  7:04  Probe  
  53  7:16  Graviton Catapult (Chrono Boost)  
  53  7:19  Probe  
  53  7:20  Probe  
  53  7:22  Assimilator  
  55  7:25  Protoss Air Weapons Level 2 (Chrono Boost)  
  55  7:27  Assimilator  
  55  7:30  Pylon  
  55  7:32  Probe (Chrono Boost)  
  55  7:34  Probe (Chrono Boost)  
  57  7:40  Pylon  
  57  7:44  Probe (Chrono Boost)  
  58  7:50  Probe x2 (Chrono Boost)  
  61  7:55  Probe (Chrono Boost)  
  62  7:59  Twilight Council  
  62  8:00  Probe (Chrono Boost)  
  62  8:03  Pylon  
  62  8:04  Probe (Chrono Boost), Photon Cannon  
  62  8:05  Probe (Chrono Boost)  
  64  8:08  Zealot  
  64  8:11  Stalker, Carrier (Chrono Boost)  
  69  8:14  Probe (Chrono Boost)  
  69  8:17  Probe (Chrono Boost)  
  69  8:18  Probe (Chrono Boost)  
  69  8:19  Assimilator  
  71  8:21  Probe  
  71  8:24  Assimilator  
  71  8:25  Observer  
  79  8:39  Probe  
  78  8:42  Probe  
  78  8:43  Charge (Chrono Boost)  
  79  8:52  Probe  
  78  9:08  Carrier (Chrono Boost)  
  78  9:09  Mothership Core (Chrono Boost), Probe (Chrono Boost)  
  81  9:13  Pylon  
  81  9:14  Pylon  
  82  9:19  Probe (Chrono Boost)  
  87  9:34  Zealot x2  
  87  9:36  Zealot  
  93  9:44  Photon Cannon  
  93  9:47  Gateway  
  93  9:49  Templar Archives  
  93  9:50  Pylon  
  93  9:52  Protoss Ground Weapons Level 1 (Chrono Boost)  
  94  9:55  Probe (Chrono Boost)  
  94  9:57  Stargate  
  94  10:03  Probe (Chrono Boost)  
  94  10:04  Probe  
  94  10:05  Carrier (Chrono Boost)  
  96  10:14  Psionic Storm  
  96  10:32  Warp Prism (Chrono Boost)  
  98  10:37  Probe x2  
  98  10:38  Carrier (Chrono Boost)  
  100  10:50  Probe  
  100  10:56  Gateway  
  101  11:00  Gateway  
  101  11:02  Pylon  
  107  11:08  Robotics Bay  
  107  11:20  Carrier (Chrono Boost)  
  107  11:29  Forge  
  107  11:31  Probe  
  107  11:32  Probe, Nexus, Pylon  
  109  11:35  Assimilator  
  109  11:36  Assimilator  
  109  11:38  Pylon  
  109  11:45  High Templar  
  109  11:46  High Templar  
  119  12:00  Zealot  
  119  12:01  Zealot x4  
  129  12:11  Photon Cannon  
  110  12:24  Archon  
  110  12:30  Stalker  
Show
View Real Time Build Order
Export as new Build Order

Noname Terran 

Build Orders:  

Get SALT Encoding   

  12  0:01  SCV  
  13  0:13  SCV  
  14  0:18  Supply Depot  
  14  0:25  SCV  
  15  0:39  SCV  
  16  0:42  Refinery  
  16  0:46  Barracks  
  16  0:52  SCV  
  17  1:04  SCV  
  18  1:07  Refinery  
  18  1:29  SCV  
  19  1:40  Supply Depot, Marine  
  19  1:44  Factory  
  20  1:48  Orbital Command  
  20  2:06  Barracks Tech Lab  
  20  2:15  SCV  
  21  2:25  Concussive Shells, Marauder  
  21  2:27  SCV  
  24  2:30  Factory Reactor  
  24  2:33  Supply Depot  
  24  2:39  SCV  
  25  2:47  Marauder  
  27  2:51  SCV  
  27  3:08  Marauder  
  27  3:20  Widow Mine  
  27  3:21  Widow Mine  
  31  3:29  SCV  
  31  3:30  Marauder  
  34  3:39  Command Center  
  34  3:45  SCV  
  35  3:49  Supply Depot, Widow Mine  
  37  3:56  Marauder  
  39  4:07  Supply Depot  
  39  4:10  Widow Mine  
  41  4:25  Widow Mine  
  41  4:29  SCV  
  41  4:30  Starport  
  44  4:33  Barracks  
  37  5:01  Missile Turret, Orbital Command  
  37  5:03  Widow Mine  
  37  5:08  SCV  
  36  5:34  Marauder  
  38  5:37  SCV  
  39  5:49  SCV  
  40  5:55  Marine  
  35  6:09  SCV  
  35  6:10  Viking  
  32  6:14  Marauder  
  34  6:20  SCV  
  34  6:21  SCV  
  35  6:31  Marine  
  36  6:33  SCV  
  36  6:34  SCV, Marine  
  39  6:45  SCV  
  39  6:46  SCV  
  37  6:52  Marine x2  
  39  6:56  Hellion x2  
  39  6:57  SCV  
  39  6:58  SCV  
  45  7:09  SCV  
  45  7:10  SCV, Viking  
  45  7:12  Barracks Tech Lab  
  45  7:14  Stimpack  
  49  7:19  Hellion x2  
  49  7:21  SCV  
  49  7:22  SCV  
  55  7:33  SCV  
  55  7:34  Marine x2  
  58  7:39  Widow Mine x2  
  58  7:41  SCV  
  63  7:45  SCV  
  63  7:51  Command Center  
  64  7:54  SCV, Combat Shields  
  64  7:55  Barracks  
  64  7:57  Starport Reactor  
  65  7:58  Marine  
  65  7:59  Marine  
  67  8:10  SCV x2  
  69  8:22  SCV  
  69  8:25  Refinery  
  70  8:29  Engineering Bay x2  
  70  8:30  SCV  
  71  8:34  Barracks  
  71  8:35  SCV  
  71  8:36  Barracks  
  72  8:53  Barracks Reactor  
  72  9:05  SCV x2  
  72  9:06  Marine x2  
  74  9:24  Marauder, Marine  
  77  9:26  Viking x2  
  81  9:33  SCV x2  
  81  9:34  Barracks Reactor  
  81  9:35  Barracks Reactor, Widow Mine x2  
  87  9:41  Marine  
  87  9:43  Refinery  
  90  9:45  Marauder  
  90  9:50  Orbital Command  
  90  9:54  SCV  
  90  9:55  SCV  
  90  9:59  Marine  
  93  10:04  Supply Depot  
  93  10:08  Supply Depot x2  
  93  10:09  Terran Infantry Weapons Level 1  
  93  10:12  Armory  
  93  10:25  SCV x2, Marauder, Marine x4  
  101  10:32  Widow Mine, Marine x3  
  101  10:33  Viking, Medivac, Widow Mine  
  101  10:35  SCV  
  113  10:37  SCV x2  
  113  10:39  Refinery  
  115  10:43  Marine x2  
  115  10:45  Supply Depot  
  115  10:48  SCV, Marine x3  
  115  10:49  SCV x2  
  123  10:50  Missile Turret  
  123  10:56  Starport, Marine x2  
  125  11:06  SCV, Marine x2  
  125  11:07  SCV x2  
  130  11:18  Marine x2  
  130  11:19  Marine  
  133  11:27  Supply Depot x2  
  133  11:29  Supply Depot  
  133  11:33  Starport Reactor  
  133  11:36  Supply Depot  
  133  11:37  Supply Depot  
  133  11:39  Supply Depot  
  133  11:40  Marine x3, Widow Mine x2  
  133  11:41  SCV  
  141  11:48  SCV x2, Viking, Marine x5  
  141  11:53  SCV  
  151  11:57  Factory  
  151  11:58  Marine x3  
  151  12:00  SCV x2  
  156  12:05  SCV  
  156  12:06  Marine  
  158  12:12  SCV x2  
  150  12:17  SCV  
  150  12:20  Marine x5  
  150  12:21  Marine  
Tags
 
Add a new tag
Caveats
  • Supply blocks, unpowered buildings, or Contaminate may cause inaccurate times.
  • Supply counts are checked every 10 seconds.